 Dungeon Crawl Stone Soup version 0.29-a0-919-gd064cfad1c (webtiles) character file.

Game seed: 10495065603397305347

96084 wingedge the Destroyer (level 17, -2/148 HPs)
             Began as a Meteoran Wanderer on July 26, 2022.
             Was the Champion of Vehumet.
             Killed from afar by a manticore (15 damage)
             ... with a volley of spikes
             ... on level 4 of the Shoals on July 27, 2022.
             The game lasted 04:27:23 (10080 turns).

wingedge the Destroyer (Meteoran Wanderer)         Turns: 10080, Time: 04:27:28

Health: -2/148     AC: 20    Str: 14    XL:     17   Next: 20%
Magic:  18/44      EV: 16    Int: 23    God:    Vehumet [******]
Gold:   1771       SH:  8    Dex: 24    Spells: 7/42 levels left

rFire   + + +      SeeInvis .   b - staff of conjuration
rCold   . . .      Faith    .   d - +0 buckler
rNeg    + . .      Spirit   .   Z - +2 ring mail of Fortitude {rF+ MP+9}
rPois   +          Reflect  .   D - +1 hat {Will+}
rElec   .          Harm     .   V - +2 cloak {rPois}
rCorr   +          Rampage  +   n - +1 pair of gloves {Dex+3}
Will    ++++.      Rage     3%  C - +2 pair of boots {rampage}
Stlth   +.........              M - amulet of Fatigue {RegenMP rF++}
HPRegen 0.34/turn               e - ring "Gityer" {Fly rN+ rCorr Str+4 Dex+4}
MPRegen 0.69/turn               P - ring of willpower

@: spiked, flying, glowing
A: sense surroundings 2, otherworldly, glowing, explore regen, berserk 1
a: Renounce Religion


You were on level 4 of the Shoals.
You worshipped Vehumet.
Vehumet was exalted by your worship.
You visited 5 branches of the dungeon, and saw 22 of its levels.
You also visited: Gauntlet.

You collected 2293 gold pieces.
You spent 522 gold pieces at shops.

Inventory:

Hand Weapons
 a - a +1 rapier of electrocution
Missiles
 z - 3 boomerangs of dispersal
 T - 2 throwing nets
Armour
 d - a +0 buckler (worn)
 m - a +1 leather armour of willpower
 n - a +1 pair of gloves of dexterity (worn)
 o - a +1 robe of positive energy
 w - a +0 helmet of see invisible
 C - a +2 pair of boots of rampaging (worn)
 D - a +1 hat of willpower (worn)
 V - a +2 cloak of poison resistance (worn)
 Z - the +2 ring mail of Fortitude (worn) {rF+ MP+9}
   (You found it on level 10 of the Dungeon)

   rF:        It protects you from fire.
   MP:        It affects your magic capacity (+9).
Magical Staves
 b - a staff of conjuration (weapon)
 Y - a staff of earth
Jewellery
 e - the ring "Gityer" (left hand) {Fly rN+ rCorr Str+4 Dex+4}
   (You acquired it on level 12 of the Dungeon)

   [ring of positive energy]

   Str:       It affects your strength (+4).
   Dex:       It affects your dexterity (+4).
   rN:        It protects you from negative energy.
   Fly:       It grants you flight.
   rCorr:     It protects you from acid and corrosion.
 i - a ring of ice
 t - a ring of protection from cold
 B - a ring of fire
 E - an amulet of the acrobat
 M - the amulet of Fatigue (around neck) {RegenMP rF++}
   (You found it in a Gauntlet)

   [amulet of magic regeneration]

   It increases your rate of magic regeneration.
   rF:        It greatly protects you from fire.
 O - a ring of poison resistance
 P - a ring of willpower (right hand)
 Q - a +4 ring of protection
Wands
 c - a wand of mindburst (7)
 h - a wand of polymorph (8)
 L - a wand of digging (4)
 W - a wand of paralysis (7)
 X - a wand of acid (4)
Scrolls
 j - a scroll of immolation {unknown}
 k - 5 scrolls of vulnerability
 p - 2 scrolls of summoning
 r - a scroll of enchant weapon {unknown}
 u - 11 scrolls of teleportation
 v - 2 scrolls of silence {unknown}
 x - a scroll of magic mapping
 A - a scroll of torment {unknown}
 F - 2 scrolls of butterflies
 R - 4 scrolls of brand weapon
 S - 2 scrolls of fear
Potions
 f - 7 potions of curing
 g - 6 potions of mutation
 q - 2 potions of attraction
 s - 2 potions of cancellation
 H - 2 potions of magic
 I - 3 potions of brilliance
 K - a potion of heal wounds {unknown}
 N - a potion of might {unknown}
 U - 4 potions of haste
Miscellaneous
 l - a lightning rod (3/4)
 G - a phial of floods


   Skills:
 * Level 12.6 Fighting
 * Level 2.9 Short Blades
 - Level 4.0 Staves
 - Level 1.2 Throwing
 + Level 11.2 Armour
 + Level 8.1 Dodging
 + Level 9.5 Shields
 * Level 13.1 Spellcasting
 * Level 13.4 Conjurations
 + Level 6.7 Hexes
 * Level 4.9 Summonings
 + Level 1.1 Necromancy
 - Level 9.0 Translocations
 + Level 5.0 Transmutations
 * Level 11.0 Fire Magic
 - Level 7.5 Earth Magic
 - Level 5.0 Evocations


You had 7 spell levels left.
You knew the following spells:

 Your Spells              Type           Power      Damage    Failure   Level
a - Sandblast             Erth           98%        2d20      1%          1
b - Apportation           Tloc           100%       N/A       1%          1
c - Stone Arrow           Conj/Erth      100%       3d13      1%          3
d - Starburst             Conj/Fire      41%        6d12      2%          6
e - Irradiate             Conj/Tmut      36%        3d23      1%          5
f - Fireball              Conj/Fire      41%        3d17      1%          5
g - Passage of Golubria   Tloc           54%        N/A       2%          4
h - Orb of Destruction    Conj           43%        9d12      9%          7
i - Inner Flame           Hex/Fire       54%        N/A       1%          3

Your spell library contained the following spells:

 Spells                   Type           Power      Damage    Failure   Level
 Eringya's Noxious Bog    Tmut/Pois      13%        N/A       71%         6
 Shock                    Conj/Air       100%       1d9       1%          1
 Summon Small Mammal      Summ           100%       N/A       1%          1
 Call Imp                 Summ           37%        N/A       1%          2
 Scorch                   Fire           100%       2d10      1%          2
 Searing Ray              Conj           100%       2d8       1%          2
 Static Discharge         Conj/Air       62%        3-11/arc  1%          2
 Portal Projectile        Hex/Tloc       100%       N/A       1%          3
 Tukima's Dance           Hex            46%        N/A       1%          3
 Sticky Flame             Conj/Fire      82%        2d9       1%          4
 Iskenderun's Battlesphe  Conj           86%        2d13      1%          5
 Sting                    Tmut/Pois      100%       1d8       3%          1
 Poisonous Vapours        Pois/Air       30%        N/A       3%          2
 Necrotise                Necr           80%        1d8       5%          1
 Yara's Violent Unravell  Hex/Tmut       21%        3d10      6%          5
 Petrify                  Tmut/Erth      44%        N/A       7%          4
 Freezing Cloud           Conj/Ice/Air   26%        6-21      11%         5
 Airstrike                Air            7%         0-4+      22%         4
 Olgreb's Toxic Radiance  Pois           15%        N/A       22%         4
 Conjure Ball Lightning   Conj/Air       31%        3x3d10    22%         6
 Swiftness                Air            15%        N/A       26%         3
 Blade Hands              Tmut           19%        N/A       30%         5
 Spellforged Servitor     Conj/Summ      36%        N/A       38%         7
 Dispel Undead            Necr           20%        3d11      50%         4
 Silence                  Hex/Air        15%        N/A       52%         5
 Corpse Rot               Necr/Pois/Air  16%        N/A       58%         4
 Malign Gateway           Summ/Tloc      23%        N/A       99%         7
 Death Channel            Necr           10%        N/A       100%        6
 Simulacrum               Ice/Necr       8%         N/A       100%        6
 Lehudib's Crystal Spear  Conj/Erth      38%        10d9      86%         8
 Summon Horrible Things   Summ           18%        N/A       100%        8
 Fire Storm               Conj/Fire      41%        8d10      100%        9
 Shatter                  Erth           24%        3d21*     100%        9


Dungeon Overview and Level Annotations

Branches:
Dungeon (13/15) Zot: 752   Temple (1/1) D:5 Zot: 583    Lair (2/5) D:8 Zot: 499
 Shoals (4/4) Lair:2 Zot: 1264     Orc (2/2) D:12 Zot: 329     Elf (0/3) Orc:2
Gauntlet (visited)
  Snake: Lair:2-3    Spider: Lair:2-3    Vaults: D:13-14

Altars:
Ashenzari
Cheibriados
Dithmenos
Hepliaklqana
Makhleb
Nemelex Xobeh
Okawaru
Sif Muna
Trog
Uskayaw
Vehumet
Xom
Yredelemnul
Zin
The Shining One

Shops:
D:5 [   Orc:2 (*


Innate Abilities, Weirdness & Mutations

You passively map the area around you.
You are easily found by Zot.
You glow in the dark.
You regain HP and MP as you explore.
You sometimes lose your temper in combat.


Message History

Your Transmutations skill increases to level 5!
Your Fire Magic skill increases to level 11!
Casting: Fireball (mildly dangerous; 1% risk of failure)
Confirm with . or Enter, or press ? or * to list all spells.
Aiming: Fireball (mildly dangerous; 1% risk of failure)
Press: ? - help, Shift-Dir - straight line, f - manticore
Aim: a manticore (lightly wounded)
You feel a surge of power!
The fireball explodes!
The fireball engulfs the manticore!!
The manticore is severely wounded.
The manticore is engulfed in a cloud of scalding steam.
Your magical contamination has completely faded away.
Casting: Fireball (mildly dangerous; 1% risk of failure)
Confirm with . or Enter, or press ? or * to list all spells.
Aiming: Fireball (mildly dangerous; 1% risk of failure)
Press: ? - help, Shift-Dir - straight line, p - manticore You feel a surge of power!
The fireball explodes!
Vehumet accepts your kill.
You feel a bit more experienced.
The manticore flicks its tail.
The volley of spikes misses you.
The merfolk javelineer is engulfed in a cloud of scalding steam.
The merfolk javelineer throws a javelin.
The javelin pierces through you.
* * * LOW HITPOINT WARNING * * *
Casting: Fireball (mildly dangerous; 1% risk of failure)
Confirm with . or Enter, or press ? or * to list all spells.
Aiming: Fireball (mildly dangerous; 1% risk of failure)
Press: ? - help, Shift-Dir - straight line You feel a surge of power!
The fireball explodes!
The fireball engulfs the merfolk javelineer!!
You kill the merfolk javelineer!
Vehumet accepts your kill.
You feel your power returning.
You hear a splash. x3
The manticore is engulfed in a cloud of scalding steam.
The manticore flicks its tail.
The volley of spikes hits you!
The barbed spikes become lodged in your body.
You die...

≈≈≈≈≈≈≈≈≈≈≈≈≈≈≈≈≈≈...≈≈....≈≈≈
≈
≈≈≈≈≈≈≈≈≈≈≈≈≈≈≈≈≈≈^##.....≈≈≈
≈ ≈≈≈≈≈≈≈≈≈≈≈≈≈≈≈≈)≈.##......≈
≈ ≈≈≈≈≈≈≈≈≈≈≈≈≈≈≈≈≈≈......^..≈
≈ ≈≈≈≈≈≈≈≈≈≈)..≈§≈≈≈.<..≈≈≈≈ ≈
≈ ≈≈≈≈≈≈≈≈≈≈≈≈§§§≈≈≈≈≈≈≈≈≈≈
≈≈≈≈≈≈≈≈≈≈≈§§E§≈≈≈≈≈≈≈≈≈ ≈
≈≈≈≈≈≈≈≈≈≈≈§§§≈≈≈≈≈≈≈≈≈≈ ≈
≈≈≈≈≈≈≈@≈≈≈≈H§≈≈≈≈≈≈≈≈≈≈ ≈ ≈
≈≈≈≈≈≈≈≈≈≈≈≈≈≈≈≈≈≈≈≈≈≈≈≈ ≈ ≈
≈≈≈≈≈≈≈≈≈≈≈≈≈§≈§≈≈≈≈≈≈≈≈≈≈ ≈
≈≈≈≈≈≈≈≈≈≈≈§§≈≈≈≈≈≈≈≈≈≈≈ ≈ ≈ ≈
≈≈≈≈≈≈≈≈≈≈≈§§≈≈≈≈ ≈ ≈
≈≈≈≈≈≈≈≈≈§§≈≈≈≈≈ ≈ ≈ ≈
≈≈≈≈≈≈≈≈≈≈≈≈≈≈≈≈ ≈≈
≈≈≈≈≈≈≈≈≈≈≈≈≈≈≈ ≈ ≈ ≈
≈≈≈≈≈≈≈≈≈≈≈≈≈≈≈ ≈ ≈≈≈


You could see a manticore.

Vanquished Creatures
  Nikola (Shoals:2)
  Rupert (D:12)
  A tentacled monstrosity (Shoals:1)
  Gastronok (Orc:1)
  5 krakens
  The ghost of Lotebbim the Severer, an adept FoWn of the Shining One (Shoals:1)
  A minotaur (Gauntlet)
  A merfolk javelineer (Shoals:4)
  9 merfolk impalers (Shoals:1)
  Josephine (D:13)
  Harold (Lair:1)
  A merfolk avatar (Shoals:1)
  An ogre mage (Orc:2)
  2 hydras
  3 boulder beetles
  5 satyrs
  6 two-headed ogres
  3 merfolk aquamancers
  An alligator snapping turtle (Shoals:4)
  2 centaur warriors (Shoals:1)
  3 orc high priests (Orc:2)
  A fire crab (Gauntlet)
  11 sea snakes
  2 wizards
  4 orc knights (Orc:2)
  A deep elf pyromancer (D:12)
  2 ugly things (D:11)
  11 harpies
  An oklob plant (D:10)
  The ghost of benadryl the Gusty, a novice BaHu of Uskayaw (D:7)
  3 orc sorcerers (Orc:2)
  14 fauns
  10 manticores
  3 cyclopes
  A moth of wrath (Gauntlet)
  6 merfolk sirens
  Joseph (Lair:1)
  2 apocalypse crabs (Shoals:1)
  2 water nymphs
  2 cane toads (Lair:1)
  2 gargoyles (D:11)
  4 komodo dragons
  A kobold demonologist (D:11)
  A rime drake (Lair:2)
  4 wind drakes
  A meliai (shapeshifter) (D:10)
  6 trolls
  17 merfolk
  6 snapping turtles
  14 hornets
  2 blink frogs (Lair:2)
  Sigmund (D:5)
  9 water elementals
  6 wraiths
  30 yaks
  5 fire bats (Gauntlet)
  A shadow (D:12)
  3 basilisks
  2 vampires
  8 vampire mosquitoes
  2 acid dragons (D:10)
  2 wargs
  A hell hound (Gauntlet)
  7 water moccasins
  2 black bears
  22 orc warriors
  2 ice beasts
  6 ogres
  3 wolves (Gauntlet)
  3 centaurs
  A phantom (D:7)
  8 bullfrogs
  A gnoll sergeant (D:9)
  A kobold brigand (D:9)
  A necrophage (D:6)
  4 wights (D:8)
  9 killer bees (D:9)
  An oklob sapling (D:10)
  An electric eel (Lair:2)
  7 howler monkeys
  An iron imp (D:10)
  3 jellies
  18 orc priests
  3 gnoll boudas
  A human skeleton (D:6)
  2 hounds
  3 iguanas
  21 orc wizards
  17 gnolls
  13 adders
  A shadow imp (D:6)
  4 white imps
  An ufetubus (D:6)
  4 worms (D:12)
  4 dart slugs
  75 orcs
  6 bats
  7 endoplasms
  5 giant cockroaches
  6 goblins
  2 hobgoblins
  4 jackals (D:5)
  9 kobolds
  2 quokkas
  16 ball pythons
  3 frilled lizards
  6 rats
  A bush (D:10)
  13 tentacles
586 creatures vanquished.

Vanquished Creatures (others)
  Maurice (D:9)
  2 orcs
  7 fungi (Lair:2)
  144 plants
  25 tentacles
179 creatures vanquished.

Grand Total: 765 creatures vanquished

Notes
Turn   | Place    | Note
-------+----------+-------------------------------------------
     0 | D:1      | wingedge the Meteoran Wanderer began the quest for the Orb.
     0 | D:1      | wingedge set off with the following items: a +0 dagger, a
                  | scroll of butterflies, a +0 robe, a +0 buckler; and the
                  | following spell memorised: Sandblast; and the following
                  | spells available to memorise: Searing Ray, Stone Arrow,
                  | Static Discharge, Petrify.
     0 | D:1      | Reached XP level 1. HP: 14/14 MP: 6/6
    59 | D:1      | Reached skill level 1 in Fighting
    59 | D:1      | Reached XP level 2. HP: 22/23 MP: 6/8
    89 | D:1      | Reached skill level 1 in Dodging
   155 | D:1      | Reached XP level 3. HP: 27/29 MP: 6/9
   469 | D:1      | Glimpsed the power of Zot.
   519 | D:1      | Glimpsed the power of Zot.
   535 | D:2      | Reached XP level 4. HP: 37/37 MP: 8/11
   649 | D:2      | Learned a level 1 spell: Apportation
   661 | D:2      | Found a faded altar of an unknown god.
  1165 | D:3      | Learned a level 3 spell: Stone Arrow
  1174 | D:3      | Reached XP level 5. HP: 44/45 MP: 12/12
  1272 | D:3      | Reached skill level 1 in Translocations
  1400 | D:4      | Reached skill level 1 in Armour
  1400 | D:4      | Reached XP level 6. HP: 51/51 MP: 13/13
  1566 | D:4      | Found a burning altar of Makhleb.
  1566 | D:4      | Found a bloodstained altar of Trog.
  1567 | D:4      | Found an iron altar of Okawaru.
  2008 | D:4      | Found a shadowy altar of Dithmenos.
  2098 | D:5      | Entered Level 5 of the Dungeon
  2098 | D:5      | Found Jaxem's Antique Armour Shop.
  2101 | D:5      | Bought a pair of boots for 135 gold pieces
  2113 | D:5      | Reached XP level 7. HP: 58/58 MP: 14/14
  2199 | D:5      | Found a staircase to the Ecumenical Temple.
  2208 | Temple   | Entered the Ecumenical Temple
  2216 | Temple   | Became a worshipper of Vehumet
  2253 | D:5      | Noticed Sigmund
  2261 | D:5      | Killed Sigmund
  2351 | D:5      | Found a sparkling altar of Nemelex Xobeh.
  2548 | D:5      | Reached XP level 8. HP: 67/67 MP: 16/16
  2702 | D:6      | Reached skill level 5 in Earth Magic
  2713 | D:6      | Reached skill level 5 in Fighting
  2713 | D:6      | Reached skill level 5 in Spellcasting
  2740 | D:6      | Found a runed translucent door.
  2740 | D:6      | Noticed a human
  2745 | D:6      | Found a basalt altar of Yredelemnul.
  2789 | D:6      | Reached * piety under Vehumet
  2789 | D:6      | Offered knowledge of Freeze by Vehumet.
  2832 | D:6      | Found a shimmering blue altar of Sif Muna.
  2881 | D:6      | Reached skill level 5 in Conjurations
  2920 | D:6      | Gained mutation: You passively map the area around you.
                  | [Meteoran growth]
  2920 | D:6      | Reached XP level 9. HP: 70/74 MP: 12/18
  3388 | D:7      | Found a glowing golden altar of the Shining One.
  3471 | D:7      | Found a runed translucent gate.
  3472 | D:7      | Found a runed translucent gate.
  3472 | D:7      | Noticed benadryl's ghost (novice BaHu)
  3473 | D:7      | Found a runed translucent gate.
  3497 | D:7      | Offered knowledge of Scorch by Vehumet.
  3517 | D:6      | Reached ** piety under Vehumet
  3721 | D:8      | Found a staircase to the Lair.
  3730 | D:8      | Noticed an eight-headed hydra
  3737 | D:8      | Killed an eight-headed hydra
  3738 | D:8      | Reached XP level 10. HP: 78/84 MP: 20/21
  3913 | D:8      | Offered knowledge of Inner Flame by Vehumet.
  3965 | D:8      | Reached skill level 5 in Armour
  3969 | D:8      | Learned a level 3 spell: Inner Flame
  4085 | D:8      | Reached *** piety under Vehumet
  4240 | D:7      | Reached skill level 5 in Shields
  4247 | D:7      | Killed benadryl's ghost
  4248 | D:7      | Reached skill level 5 in Translocations
  4248 | D:7      | Reached skill level 1 in Fire Magic
  4330 | D:8      | Learned a level 5 spell: Iskenderun's Battlesphere
  4336 | D:8      | Learned a level 5 spell: Fireball
  4341 | D:8      | Learned a level 4 spell: Passage of Golubria
  4342 | D:9      | Noticed Maurice
  4349 | D:9      | Killed Maurice
  4350 | D:9      | Reached skill level 1 in Hexes
  4350 | D:9      | Reached XP level 11. HP: 81/94 MP: 24/24
  4372 | D:9      | Got Fueng's Directory of Dusty Firn
  4442 | D:10     | Entered Level 10 of the Dungeon
  4613 | D:9      | Offered knowledge of Sticky Flame by Vehumet.
  4626 | D:9      | Learned a level 4 spell: Sticky Flame
  4782 | D:9      | Found a shimmering altar of Xom.
  4885 | D:9      | Reached **** piety under Vehumet
  4948 | D:9      | Offered knowledge of Hailstorm by Vehumet.
  5059 | D:10     | Noticed a wizard
  5067 | D:10     | Noticed a boulder beetle
  5069 | D:10     | Killed a wizard
  5091 | D:10     | Killed a boulder beetle
  5092 | D:10     | Reached XP level 12. HP: 79/103 MP: 3/26
  5102 | D:10     | Identified the +2 ring mail of Fortitude {rF+ MP+9}
  5230 | D:10     | Found a snail-covered altar of Cheibriados.
  5494 | D:10     | Reached ***** piety under Vehumet
  5538 | D:10     | Offered knowledge of Starburst by Vehumet.
  5547 | D:10     | Learned a level 6 spell: Starburst
  5599 | D:11     | Reached skill level 5 in Dodging
  5781 | D:11     | Noticed a two-headed ogre
  5785 | D:11     | Noticed a two-headed ogre
  5786 | D:11     | Reached skill level 5 in Fire Magic
  5797 | D:11     | Killed a two-headed ogre
  5800 | D:11     | Noticed a two-headed ogre
  5802 | D:11     | Killed a two-headed ogre
  5816 | D:11     | Killed a two-headed ogre
  5824 | D:11     | Reached XP level 13. HP: 92/111 MP: 13/27
  5843 | D:11     | Reached skill level 10 in Conjurations
  6140 | D:12     | Reached skill level 10 in Spellcasting
  6142 | D:12     | Identified a scroll of acquirement
  6142 | D:12     | Acquired the ring "Gityer" {Fly rN+ rCorr Str+4 Dex+4}
  6166 | D:12     | Reached skill level 10 in Fighting
  6343 | D:12     | Noticed Rupert
  6353 | D:12     | Killed Rupert
  6426 | D:12     | Noticed a two-headed ogre
  6432 | D:12     | Killed a two-headed ogre
  6481 | D:13     | Noticed a boulder beetle
  6487 | D:13     | Killed a boulder beetle
  6523 | D:13     | Noticed a boulder beetle
  6529 | D:13     | Killed a boulder beetle
  6587 | D:13     | Noticed Josephine
  6592 | D:13     | Reached XP level 14. HP: 122/122 MP: 22/29
  6595 | D:13     | Killed Josephine
  6621 | D:13     | Found a gate leading to a gauntlet.
  6629 | Gauntlet | Entered a Gauntlet
  6629 | Gauntlet | Found a transporter.
  6665 | Gauntlet | Found a transporter.
  6681 | Gauntlet | Found a transporter.
  6687 | Gauntlet | Found a transporter.
  6702 | Gauntlet | Found a transporter.
  6721 | Gauntlet | Found a transporter.
  6729 | Gauntlet | Noticed a ghost moth
  6729 | Gauntlet | a great orb of eyes changed into a ghost moth
  6733 | Gauntlet | Found a transporter.
  6745 | Gauntlet | Found a transporter.
  6757 | Gauntlet | Found a transporter.
  6769 | Gauntlet | Found a transporter.
  6786 | Gauntlet | Found a transporter.
  6803 | Gauntlet | Found a transporter.
  6805 | Gauntlet | Found a transporter.
  6837 | Gauntlet | Found a transporter.
  6842 | Gauntlet | Offered knowledge of Spellforged Servitor by Vehumet.
  6847 | Gauntlet | Found a transporter.
  6847 | Gauntlet | Found a transporter.
  6863 | Gauntlet | Found a transporter.
  6870 | Gauntlet | Found a transporter.
  6947 | Gauntlet | Identified the amulet of Fatigue {RegenMP rF++}
  7091 | Gauntlet | Identified the +5 quarterstaff of Emuenoukk {freeze,
                  | *Corrode rPois Dex+2}
  7091 | Gauntlet | Noticed a minotaur
  7096 | Gauntlet | Killed a minotaur
  7103 | Gauntlet | Got the Grimoire of Allied Heat
  7121 | D:13     | Learned a level 7 spell: Spellforged Servitor
  7219 | D:12     | Found a staircase to the Orcish Mines.
  7229 | Orc:1    | Entered Level 1 of the Orcish Mines
  7305 | Orc:1    | Noticed Gastronok
  7315 | Orc:1    | Killed Gastronok
  7316 | Orc:1    | Reached skill level 1 in Summonings
  7357 | Orc:2    | Entered Level 2 of the Orcish Mines
  7380 | Orc:2    | Found a staircase to the Elven Halls.
  7422 | Orc:1    | You are sucked into a shaft and drop 1 floor!
  7428 | Orc:2    | Reached skill level 1 in Staves
  7981 | Orc:2    | Reached skill level 5 in Hexes
  8017 | Orc:2    | Found Yqiron's General Store.
  8017 | Orc:2    | Found Meuhup's Armour Shoppe.
  8021 | Orc:2    | Found Guylaq's Antique Armour Boutique.
  8021 | Orc:2    | Found Piust's Weapon Shoppe.
  8035 | Orc:2    | Bought a +2 pair of boots of rampaging for 387 gold pieces
  8251 | Lair:1   | Entered Level 1 of the Lair of Beasts
  8271 | Lair:1   | Offered knowledge of Irradiate by Vehumet.
  8282 | Lair:1   | Learned a level 5 spell: Irradiate
  8340 | Lair:1   | Noticed Harold
  8349 | Lair:1   | Killed Harold
  8350 | Lair:1   | Reached XP level 15. HP: 130/130 MP: 23/31
  8532 | Lair:1   | Noticed Joseph
  8538 | Lair:1   | Killed Joseph
  8539 | Lair:1   | Reached skill level 1 in Transmutations
  8894 | Lair:2   | Found a glowing silver altar of Zin.
  8935 | Lair:2   | Found a staircase to the Shoals.
  8952 | Shoals:1 | Entered Level 1 of the Shoals
  9068 | Shoals:1 | Reached skill level 10 in Armour
  9149 | Shoals:1 | Learned a level 7 spell: Orb of Destruction
  9171 | Shoals:1 | Noticed a tentacled monstrosity
  9171 | Shoals:1 | Identified the ring of the Raven {Fire Drain Int+4 Dex+3}
  9178 | Shoals:1 | Killed a tentacled monstrosity
  9181 | Shoals:1 | Got the Parchment of Mad Ravings
  9213 | Shoals:1 | Noticed a kraken
  9219 | Shoals:1 | Reached skill level 10 in Fire Magic
  9221 | Shoals:1 | Killed a kraken
  9222 | Shoals:1 | Reached XP level 16. HP: 133/139 MP: 24/33
  9228 | Shoals:1 | Reached ****** piety under Vehumet
  9311 | Shoals:1 | Noticed Lotebbim's ghost (adept FoWn)
  9311 | Shoals:1 | Found a runed translucent door.
  9337 | Shoals:1 | Killed Lotebbim's ghost
  9341 | Shoals:1 | Gained mutation: You sometimes lose your temper in combat.
                  | [mutagenic glow]
  9377 | Shoals:1 | Offered knowledge of Eringya's Noxious Bog by Vehumet.
  9580 | Shoals:2 | Noticed Nikola
  9588 | Shoals:2 | Killed Nikola
  9719 | Shoals:3 | Noticed a kraken
  9719 | Shoals:3 | Noticed a kraken
  9719 | Shoals:3 | Noticed a kraken
  9719 | Shoals:3 | Noticed a kraken
  9729 | Shoals:3 | Killed a kraken
  9730 | Shoals:3 | Killed a kraken
  9735 | Shoals:3 | Killed a kraken
  9736 | Shoals:3 | Killed a kraken
  9737 | Shoals:3 | Reached skill level 1 in Short Blades
  9937 | Shoals:3 | Reached skill level 5 in Evocations
  9942 | Shoals:3 | Identified the +1 robe "Pafify" {rCorr Dex+7}
  9966 | Shoals:4 | Entered Level 4 of the Shoals
  9978 | Shoals:4 | Reached XP level 17. HP: 138/148 MP: 29/34
 10046 | Shoals:4 | Reached skill level 1 in Necromancy
 10078 | Shoals:4 | Reached skill level 5 in Transmutations
 10080 | Shoals:4 | Killed from afar by a manticore

Illustrated notes

Levels and vault maps discovered:
D:1:      denvon_arrival_hothouse, layout_loops_corners,
          dreamdust_princess_corridor
D:2:      layout_basic, hellmonk_ecumenical_altar_pennies_from_heaven,
          serial_bayou_lagoon_b
D:3:      layout_basic, minmay_strange_pillars, supply_closet_lemuel
D:4:      layout_basic, mainiacjoe_overflow_paths, minitemple,
          kennysheep_generic_room_7
D:5:      layout_gridville, mainiacjoe_overflow_alcove_1,
          minmay_temple_entry_junction_2, serial_shops, nicolae_stop_n_shop_2,
          uniq_sigmund
D:6:      layout_basic, dk_yredelemnul_ordeal, nicolae_sif_muna_condensation,
          serial_bayou_pond_d
D:7:      layout_basic, tso_altar, gammafunk_ghost_split
D:8:      layout_loops_ring, lair_entry_dummy
D:9:      layout_layer_cave, kennysheep_little_box, uniq_maurice
D:10:     cheibrodos_elevator_heist, layout_loops_ring, slow_altar_2,
          introduction_to_nature_2
D:11:     layout_roguey, hangedman_decor_riveting, serial_bayou_lagoon_a,
          kennysheep_kite_vault
D:12:     layout_cross, hiddenorc1_lemuel, hive_lemuel, uniq_rupert,
          uniq_erolcha
D:13:     layout_roguey, gauntlet_entry_generic, uniq_josephine
Temple:   chequers_temple_sunken
Lair:1:   layout_regular_city, lemuel_fruit_tree, grunt_megastairs_3,
          infiniplex_staircase_pool, uniq_joseph, uniq_harold
Lair:2:   layout_long_grid, elwin_shoals_entry_stream, basic_altar,
          serial_bayou_pond_a, beast_lair_carwin_7, grunt_megastairs_1,
          serial_bayou_shore_b
Shoals:1: dreamdust_from_the_deep, layout_shoals, hellmonk_ghost_happy_afterlife
Shoals:2: layout_shoals, uniq_nikola
Shoals:3: layout_shoals, nicolae_shoals_kraken_party
Shoals:4: shoals_end_grunt_garden, layout_shoals
Orc:1:    layout_diamond_mine, uniq_gastronok
Orc:2:    grunt_orc_tribal_feast, layout_caves, nicolae_orc_crystal_geode

Skill      XL: |  1  2  3  4  5  6  7  8  9 10 11 12 13 14 15 16 17 |
---------------+----------------------------------------------------+-----
Fighting       | 1 2 3 4 5 6 7 8 9 10 11 12 | 12.6
Dodging        | 1 2 3 4 5 6 7 8 |  8.1
Shields        | 2 3 4 5 6 7 8 9 |  9.5
Translocations | 1 2 3 4 5 6 7 8 9 |  9.0
Armour         | 1 2 3 4 5 6 8 9 10 11 | 11.2
Conjurations   | 2 3 5 6 7 8 9 11 12 13 | 13.4
Earth Magic    | 4 5 6 7 |  7.5
Spellcasting   | 5 6 8 9 10 11 12 13 | 13.1
Fire Magic     | 2 4 5 7 9 10 11 | 11.0
Hexes          | 1 2 3 4 5 6 |  6.7
Summonings     | 2 3 4 |  4.9
Staves         | 2 3 4 |  4.0
Evocations     | 2 3 5 |  5.0
Transmutations | 3 4 5 |  5.0
Short Blades   | 2 |  2.9
Necromancy     | 1 |  1.1
Throwing       | |  1.2

Action                   |  1- 3 |  4- 6 |  7- 9 | 10-12 | 13-15 | 16-18 || total
-------------------------+-------+-------+-------+-------+-------+-------++-------
Melee: Dagger            |    11 |     8 |       |       |       |       ||    19
       Spear             |       |       |    60 |     4 |       |       ||    64
       Staff             |       |       |       |       |    11 |     6 ||    17
 Cast: Sandblast         |    34 |    75 |    51 |       |       |       ||   160
       Apportation       |       |    21 |    20 |    26 |    81 |    39 ||   187
       Stone Arrow       |       |       |    87 |   184 |   250 |    65 ||   586
       Iskenderun's Batt |       |       |       |    16 |    24 |       ||    40
       Fireball          |       |       |       |    22 |   108 |    76 ||   206
       Inner Flame       |       |       |       |    12 |    14 |     1 ||    27
       Passage of Golubr |       |       |       |    10 |    73 |    83 ||   166
       Sticky Flame      |       |       |       |     1 |       |       ||     1
       Starburst         |       |       |       |       |    11 |    14 ||    25
       Irradiate         |       |       |       |       |    11 |    10 ||    21
       Orb of Destructio |       |       |       |       |     1 |    13 ||    14
Evoke: Wand              |       |       |       |       |     8 |       ||     8
       Phial of floods   |       |       |       |       |     1 |       ||     1
       Lightning rod     |       |       |       |       |       |     1 ||     1
  Use: Scroll            |       |     4 |     4 |     5 |    10 |     5 ||    28
       Potion            |       |       |       |     1 |     7 |     4 ||    12
 Stab: Petrified         |       |       |       |       |     6 |       ||     6
Armor: Robe              |     8 |     9 |       |       |       |       ||    17
       Leather armour    |       |    11 |    59 |    28 |       |       ||    98
       Ring mail         |       |       |       |     6 |    81 |    27 ||   114
Dodge: Dodged            |    12 |    23 |    59 |    81 |    88 |    34 ||   297
Block: Buckler           |     6 |    15 |    31 |    29 |    70 |    29 ||   180

Table legend: (Time is in decaauts)
 A = Elapsed time spent in this place.
 B = Non-inter-level travel time spent in this place.
 C = Inter-level travel time spent in this place.
 D = Time resting spent in this place.
 E = Time spent auto-exploring this place.
 F = Levels seen in this place.
 G = Mean time per level.
                   A        B        C        D        E       F      G
               +--------+--------+--------+--------+--------+-----+--------+
         Total |  10248 |   9408 |    840 |    118 |      0 |  23 |  445.6 |
       Dungeon |   7047 |   6414 |    633 |      0 |      0 |  13 |  542.1 |
        Temple |     16 |     16 |      0 |      0 |      0 |   1 |   16.0 |
          Lair |    700 |    683 |     17 |      0 |      0 |   2 |  350.0 |
        Shoals |   1134 |   1116 |     18 |      0 |      0 |   4 |  283.5 |
  Orcish Mines |    870 |    698 |    172 |      0 |      0 |   2 |  435.0 |
      Gauntlet |    478 |    478 |      0 |    118 |      0 |   1 |  478.0 |
               +--------+--------+--------+--------+--------+-----+--------+

Top non-repeatable levels by time:
     D:4: 740 daAuts
     D:6: 680 daAuts
     D:9: 676 daAuts
     D:8: 605 daAuts
    D:11: 604 daAuts
    D:10: 586 daAuts
     D:5: 576 daAuts
     D:1: 551 daAuts
Shoals:1: 484 daAuts
Gauntlet: 478 daAuts
     D:3: 473 daAuts
     D:7: 470 daAuts
  Lair:1: 449 daAuts
   Orc:1: 443 daAuts
     D:2: 435 daAuts
